 Dungeon Crawl Stone Soup version 0.22.0-40-g68aacdc4c8 (webtiles) character file.

8038 Freyura the Thaumaturge (level 11, -2/81 HPs)
             Began as a Gnoll Wizard on Sept 1, 2018.
             Was an Elder of Sif Muna.
             Slain by a frost giant
             ... wielding a +3 battleaxe of freezing
              (6 damage)
             ... on level 11 of the Dungeon.
             The game lasted 01:52:49 (15989 turns).

Freyura the Thaumaturge (Gnoll Wizard)             Turns: 15989, Time: 01:52:51

Health: -2/81      AC:  8    Str: 10    XL:     11   Next: 24%
Magic:  16/24      EV: 17    Int: 31    God:    Sif Muna [****..]
Gold:   597        SH:  5    Dex: 15    Spells: 15/28 levels left

rFire    + . .     SeeInvis .   a - +3 dagger (venom)
rCold    x . .     Gourm    .   g - +0 buckler
rNeg     . . .     Faith    .   i - +0 robe {MR+}
rPois    .         Spirit   .   I - +1 helmet {Int+3}
rElec    .         Reflect  .   (no cloak)
rCorr    .         Harm     .   (no gloves)
MR       +....                  u - +2 pair of boots
Stlth    ++++......             (no amulet)
HPRegen  0.23/turn              p - ring of fire
MPRegen  0.19/turn              C - +6 ring of intelligence

@: no status effects
A: distributed training, fangs 1, strong nose
a: Divine Energy, Channel Magic, Forget Spell, Renounce Religion


You were on level 11 of the Dungeon.
You worshipped Sif Muna.
Sif Muna was greatly pleased with you.
You were not hungry.

You visited 2 branches of the dungeon, and saw 12 of its levels.

You collected 597 gold pieces.

Inventory:

Hand Weapons
 a - a +3 dagger of venom (weapon)
 z - a +0 blowgun
Missiles
 B - 22 poisoned needles
Armour
 b - a +0 hat
 g - a +0 buckler (worn)
 i - a +0 robe of magic resistance (worn)
 u - a +2 pair of boots (worn)
 I - a +1 helmet of intelligence (worn)
Jewellery
 p - a ring of fire (left hand)
 C - a +6 ring of intelligence (right hand)
Wands
 s - a wand of disintegration (34)
 w - a wand of paralysis (10)
 x - a wand of polymorph (13)
 y - a wand of acid (3)
 E - a wand of random effects (20)
Scrolls
 f - 2 scrolls of identify
 k - 2 scrolls of fear
 l - 3 scrolls of magic mapping
 o - 6 scrolls of remove curse
 t - 3 scrolls of teleportation
 D - a scroll of enchant armour {unknown}
 G - 2 scrolls of amnesia {unknown}
 J - a scroll of vulnerability {unknown}
Potions
 c - 3 potions of brilliance
 e - 4 potions of agility
 h - 5 potions of curing
 j - 2 potions of lignification
 m - a potion of haste {unknown}
 n - 3 potions of ambrosia
 q - 2 potions of magic
 r - 2 potions of might
 v - a potion of berserk rage {unknown}
 A - 2 potions of flight {unknown}
 H - a potion of mutation {unknown}
Miscellaneous
 F - a sack of spiders
Comestibles
 d - 12 rations


   Skills:
 + Level 6.0 Fighting
 + Level 6.0 Short Blades
 + Level 6.0 Long Blades
 + Level 6.0 Axes
 + Level 6.0 Maces & Flails
 + Level 6.0 Polearms
 + Level 6.0 Staves
 + Level 6.0 Slings
 + Level 6.0 Bows
 + Level 6.0 Crossbows
 + Level 6.0 Throwing
 + Level 6.0 Armour
 + Level 7.6 Dodging
 + Level 7.4 Stealth
 + Level 6.0 Shields
 + Level 6.0 Unarmed Combat
 + Level 9.4 Spellcasting
 + Level 5.4 Conjurations
 + Level 5.0 Hexes
 + Level 5.0 Charms
 + Level 5.4 Summonings
 + Level 5.0 Necromancy
 + Level 5.4 Translocations
 + Level 5.0 Transmutations
 + Level 5.0 Fire Magic
 + Level 5.0 Ice Magic
 + Level 5.0 Air Magic
 + Level 5.0 Earth Magic
 + Level 5.0 Poison Magic
 + Level 6.6 Invocations
 + Level 6.0 Evocations


You had 15 spell levels left.
You knew the following spells:

 Your Spells              Type           Power        Failure   Level  Hunger
a - Magic Dart            Conj           ####         1%          1    None
b - Blink                 Tloc           N/A          1%          2    None
c - Call Imp              Summ           #####...     1%          2    None
d - Slow                  Hex            #####...     1%          2    None
e - Conjure Flame         Conj/Fire      ######..     1%          3    None
f - Mephitic Cloud        Conj/Pois/Air  #####...     1%          3    None

Your spell library contained the following spells:

 Spells                   Type           Power        Failure   Level  Hunger
 Corona                   Hex            #####..      1%          1    None
 Ensorcelled Hibernation  Hex/Ice        #####.       1%          2    None
 Confuse                  Hex            #####...     1%          3    None
 Dazzling Spray           Conj/Hex       #####.       1%          3    None
 Tukima's Dance           Hex            #####...     1%          3    None


Dungeon Overview and Level Annotations

Branches:
Dungeon (11/15)            Temple (0/1) D:7            Lair (1/6) D:10
    Orc: D:9-12

Altars:
Ashenzari
Dithmenos
Elyvilon
Fedhas
Makhleb
Nemelex Xobeh
Qazlal
Ru
Sif Muna
Uskayaw
Wu Jian
Xom
Zin

Annotations:
D:5 2 transporters
Lair:1 1 runed door


Innate Abilities, Weirdness & Mutations

Your experience applies equally to all skills.
You have very sharp teeth.
Your uncanny sense of smell can sniff out nearby items.


Message History

The frost giant is engulfed in blazing flames.
The frost giant casts a spell at you. The bolt of cold misses you.
You hit the frost giant.
The frost giant looks as sick as possible!
The frost giant is lightly wounded.
You hit the frost giant.
The frost giant looks as sick as possible!
The frost giant is moderately wounded.
The frost giant is engulfed in blazing flames.
The frost giant points at you and mumbles some strange words.
The bolt of cold hits you!
You feel a terrible chill!
You hit the frost giant but do no damage.
The frost giant looks as sick as possible!
The frost giant is moderately wounded.
The frost giant is engulfed in blazing flames.
The frost giant hits you with a battleaxe of freezing!!
* * * LOW HITPOINT WARNING * * *
The frost giant freezes you.
You die... ∆ ####### #../.?# #.###.....# #....@....# #####C###..# tsa.

#.# .(o...#
# ...$.)..#
..##.##..[#
..#
...∆#...
... .:. ...


You could see a frost giant, a soldier ant, a crocodile, a scorpion and an orc.

Vanquished Creatures
  A two-headed ogre (D:9)
  A black mamba (Lair:1)
  2 rime drakes (D:11)
  A hippogriff (D:11)
  6 yaks
  A human (D:7)
  4 hogs (D:7)
  A water moccasin (D:5)
  2 porcupines (Lair:1)
  2 orc warriors
  3 ice beasts
  5 ogres
  A centaur (D:9)
  3 big kobolds
  2 bullfrogs
  2 scorpions
  4 killer bees
  5 wights (D:9)
  2 howler monkeys (D:9)
  6 crimson imps
  6 quasits
  3 jellies
  13 orc wizards
  A gnoll shaman (D:9)
  4 orc priests
  6 hounds
  A bullfrog skeleton (D:5)
  3 iguanas
  Natasha (D:2)
  2 worker ants
  A hound zombie (D:5)
  A hound skeleton (D:8)
  6 gnolls
  7 adders
  4 shadow imps
  An adder zombie (D:6)
  A worm (D:3)
  2 dart slugs (D:1)
  3 leopard geckos
  26 orcs
  5 giant cockroaches
  12 goblins
  6 hobgoblins
  6 jackals
  6 kobolds
  5 quokkas
  2 ball pythons
  8 bats
  3 frilled lizards
  A jackal skeleton (D:6)
  A jackal zombie (D:5)
  A leopard gecko zombie (D:7)
  7 rats
209 creatures vanquished.

Vanquished Creatures (collateral kills)
  A two-headed ogre (D:9)
  A yak (D:10)
  A hungry ghost (D:7)
  An orc warrior (D:9)
  An ice beast (D:10)
  2 centaurs
  An ogre (D:8)
  2 bullfrogs
  A scorpion (D:7)
  A wight (D:9)
  2 crimson imps
  2 orc priests (D:6)
  2 bullfrog skeletons
  A hound (D:5)
  4 orc wizards
  3 iguanas
  A worker ant (D:4)
  A hound skeleton (D:4)
  7 gnolls
  2 adders
  A worm (D:2)
  17 orcs
  A bat (D:2)
  A giant cockroach (D:4)
  2 goblins
  2 hobgoblins (D:2)
  12 jackals
  6 kobolds
  4 quokkas
  A quokka zombie (D:8)
  A rat (D:1)
85 creatures vanquished.

Vanquished Creatures (others)
  An orc (D:6)
  A rat (D:3)
2 creatures vanquished.

Grand Total: 296 creatures vanquished

Notes
Turn   | Place    | Note
-------+----------+-------------------------------------------
     0 | D:1      | Freyura the Gnoll Wizard began the quest for the Orb.
     0 | D:1      | Reached XP level 1. HP: 13/13 MP: 8/8
   143 | D:1      | Reached XP level 2. HP: 19/19 MP: 8/10
   147 | D:1      | Learned a level 2 spell: Blink
   150 | D:1      | Learned a level 2 spell: Call Imp
   153 | D:1      | Learned a level 2 spell: Slow
   979 | D:1      | Reached XP level 3. HP: 20/25 MP: 5/11
  1463 | D:2      | Reached skill level 1 in Invocations
  1645 | D:2      | Reached skill level 1 in Fighting
  1645 | D:2      | Reached skill level 1 in Short Blades
  1645 | D:2      | Reached skill level 1 in Long Blades
  1645 | D:2      | Reached skill level 1 in Axes
  1645 | D:2      | Reached skill level 1 in Maces & Flails
  1645 | D:2      | Reached skill level 1 in Polearms
  1645 | D:2      | Reached skill level 1 in Staves
  1645 | D:2      | Reached skill level 1 in Slings
  1645 | D:2      | Reached skill level 1 in Bows
  1645 | D:2      | Reached skill level 1 in Crossbows
  1645 | D:2      | Reached skill level 1 in Throwing
  1645 | D:2      | Reached skill level 1 in Armour
  1645 | D:2      | Reached skill level 1 in Shields
  1645 | D:2      | Reached skill level 1 in Unarmed Combat
  1645 | D:2      | Reached skill level 1 in Evocations
  1655 | D:2      | Reached XP level 4. HP: 32/32 MP: 10/13
  1787 | D:2      | Learned a level 3 spell: Conjure Flame
  1791 | D:2      | Learned a level 3 spell: Mephitic Cloud
  2030 | D:2      | Noticed Natasha
  2034 | D:2      | Killed Natasha
  2034 | D:2      | Reached skill level 1 in Hexes
  2034 | D:2      | Reached skill level 1 in Charms
  2034 | D:2      | Reached skill level 1 in Necromancy
  2034 | D:2      | Reached skill level 1 in Transmutations
  2034 | D:2      | Reached skill level 1 in Fire Magic
  2034 | D:2      | Reached skill level 1 in Ice Magic
  2034 | D:2      | Reached skill level 1 in Air Magic
  2034 | D:2      | Reached skill level 1 in Earth Magic
  2034 | D:2      | Reached skill level 1 in Poison Magic
  2165 | D:3      | Noticed an ogre
  2180 | D:3      | Killed an ogre
  2180 | D:3      | Reached XP level 5. HP: 37/37 MP: 0/14
  2883 | D:3      | Reached XP level 6. HP: 44/44 MP: 16/16
  2943 | D:3      | Found a stormy altar of Qazlal.
  3495 | D:3      | Found a deep blue altar of Sif Muna.
  3498 | D:3      | Became a worshipper of Sif Muna the Loreminder
  3874 | D:4      | Reached skill level 5 in Dodging
  4190 | D:4      | Reached XP level 7. HP: 37/50 MP: 7/18
  4448 | D:5      | Entered Level 5 of the Dungeon
  4756 | D:5      | Found a transporter.
  4762 | D:5      | Found a transporter.
  5161 | D:5      | Reached * piety under Sif Muna
  5231 | D:5      | Reached skill level 5 in Stealth
  5320 | D:5      | Reached XP level 8. HP: 35/57 MP: 7/19
  5572 | D:5      | Found an ornate altar of the Wu Jian Council.
  7379 | D:6      | Reached ** piety under Sif Muna
  7379 | D:6      | Reached skill level 8 in Spellcasting
  8425 | D:7      | Reached XP level 9. HP: 53/65 MP: 17/21
  8499 | D:7      | Found a burning altar of Makhleb.
  8735 | D:7      | Found a staircase to the Ecumenical Temple.
  8772 | D:7      | Reached *** piety under Sif Muna
  8913 | D:7      | Found a sacrificial altar of Ru.
  9120 | D:7      | Found a deep blue altar of Sif Muna.
  9623 | D:7      | Reached skill level 5 in Invocations
 10133 | D:8      | Found a glowing silver altar of Zin.
 10155 | D:8      | Found a hide-covered altar of Uskayaw.
 10450 | D:8      | Found an ancient bone altar of Kikubaaqudgha.
 10452 | D:8      | Found a blossoming altar of Fedhas.
 10452 | D:8      | Found a shattered altar of Ashenzari.
 10458 | D:8      | Found a shimmering altar of Xom.
 10458 | D:8      | Found an ornate altar of the Wu Jian Council.
 10458 | D:8      | Found a glowing silver altar of Zin.
 10511 | D:8      | Reached XP level 10. HP: 63/73 MP: 19/22
 10531 | D:8      | Found a sparkling altar of Nemelex Xobeh.
 10761 | D:9      | Found a shattered altar of Ashenzari.
 11127 | D:8      | Found a shadowy altar of Dithmenos.
 11210 | D:9      | Reached **** piety under Sif Muna
 11951 | D:9      | Noticed a two-headed ogre
 11988 | D:9      | Killed a two-headed ogre
 11988 | D:9      | Reached skill level 5 in Fighting
 11988 | D:9      | Reached skill level 5 in Short Blades
 11988 | D:9      | Reached skill level 5 in Long Blades
 11988 | D:9      | Reached skill level 5 in Axes
 11988 | D:9      | Reached skill level 5 in Maces & Flails
 11988 | D:9      | Reached skill level 5 in Polearms
 11988 | D:9      | Reached skill level 5 in Staves
 11988 | D:9      | Reached skill level 5 in Slings
 11988 | D:9      | Reached skill level 5 in Bows
 11988 | D:9      | Reached skill level 5 in Crossbows
 11988 | D:9      | Reached skill level 5 in Throwing
 11988 | D:9      | Reached skill level 5 in Armour
 11988 | D:9      | Reached skill level 5 in Shields
 11988 | D:9      | Reached skill level 5 in Unarmed Combat
 11988 | D:9      | Reached skill level 5 in Evocations
 12156 | D:9      | Found a shadowy altar of Dithmenos.
 12805 | D:9      | Noticed a two-headed ogre
 12817 | D:9      | Killed a two-headed ogre
 12817 | D:9      | Reached skill level 9 in Spellcasting
 12963 | D:9      | Reached skill level 5 in Conjurations
 12963 | D:9      | Reached skill level 5 in Summonings
 12963 | D:9      | Reached skill level 5 in Translocations
 13296 | D:10     | Entered Level 10 of the Dungeon
 13333 | D:10     | Found a white marble altar of Elyvilon.
 14460 | D:10     | Found a staircase to the Lair.
 14979 | D:10     | Reached XP level 11. HP: 56/81 MP: 24/24
 15089 | Lair:1   | Entered Level 1 of the Lair of Beasts
 15215 | Lair:1   | Found a runed gate.
 15288 | D:11     | Noticed a cyclops
 15974 | D:11     | Noticed a frost giant
 15983 | D:11     | Reached skill level 5 in Hexes
 15983 | D:11     | Reached skill level 5 in Charms
 15983 | D:11     | Reached skill level 5 in Necromancy
 15983 | D:11     | Reached skill level 5 in Transmutations
 15983 | D:11     | Reached skill level 5 in Fire Magic
 15983 | D:11     | Reached skill level 5 in Ice Magic
 15983 | D:11     | Reached skill level 5 in Air Magic
 15983 | D:11     | Reached skill level 5 in Earth Magic
 15983 | D:11     | Reached skill level 5 in Poison Magic
 15989 | D:11     | HP: 4/81 [frost giant/battleaxe of freezing (35)]
 15989 | D:11     | Slain by a frost giant

Skill      XL: |  1  2  3  4  5  6  7  8  9 10 11 |
---------------+----------------------------------+-----
Conjurations   | 2 3 4 5 |  5.4
Summonings     | 2 3 4 5 |  5.4
Translocations | 2 3 4 5 |  5.4
Invocations    | 1 2 3 4 5 6 |  6.6
Fighting       | 1 2 3 4 5 6 |  6.0
Short Blades   | 1 2 3 4 5 6 |  6.0
Long Blades    | 1 2 3 4 5 6 |  6.0
Axes           | 1 2 3 4 5 6 |  6.0
Maces & Flails | 1 2 3 4 5 6 |  6.0
Polearms       | 1 2 3 4 5 6 |  6.0
Staves         | 1 2 3 4 5 6 |  6.0
Slings         | 1 2 3 4 5 6 |  6.0
Bows           | 1 2 3 4 5 6 |  6.0
Crossbows      | 1 2 3 4 5 6 |  6.0
Throwing       | 1 2 3 4 5 6 |  6.0
Armour         | 1 2 3 4 5 6 |  6.0
Shields        | 1 2 3 4 5 6 |  6.0
Unarmed Combat | 1 2 3 4 5 6 |  6.0
Evocations     | 1 2 3 4 5 6 |  6.0
Hexes          | 1 2 3 4 5 |  5.0
Charms         | 1 2 3 4 5 |  5.0
Necromancy     | 1 2 3 4 5 |  5.0
Transmutations | 1 2 3 4 5 |  5.0
Fire Magic     | 1 2 3 4 5 |  5.0
Ice Magic      | 1 2 3 4 5 |  5.0
Air Magic      | 1 2 3 4 5 |  5.0
Earth Magic    | 1 2 3 4 5 |  5.0
Poison Magic   | 1 2 3 4 5 |  5.0
Dodging        | 5 6 7 |  7.6
Stealth        | 5 6 7 |  7.4
Spellcasting   | 8 9 |  9.4

Action                   |  1- 3 |  4- 6 |  7- 9 | 10-12 || total
-------------------------+-------+-------+-------+-------++-------
Melee: Dagger            |     9 |    41 |   209 |   256 ||   515
       Bite              |     1 |     3 |    16 |    26 ||    46
 Fire: Blowgun           |       |       |       |    30 ||    30
 Cast: Magic Dart        |    43 |   108 |   244 |   147 ||   542
       Call Imp          |    17 |    15 |    97 |    96 ||   225
       Conjure Flame     |       |     1 |     9 |     3 ||    13
       Blink             |       |       |     2 |       ||     2
       Slow              |       |       |       |     1 ||     1
Evoke: Wand              |       |       |       |     1 ||     1
  Use: Scroll            |     4 |     6 |     4 |     1 ||    15
       Potion            |       |       |     2 |     1 ||     3
 Stab: Sleeping          |       |     2 |     4 |     4 ||    10
       Distracted        |       |       |     1 |     3 ||     4
  Eat: Ration            |     2 |     2 |     7 |     4 ||    15
Armor: Robe              |     4 |     7 |    32 |    36 ||    79
Dodge: Dodged            |     9 |    28 |   156 |   131 ||   324
Block: Buckler           |     3 |     8 |    41 |    50 ||   102
